 Dungeon Crawl Stone Soup version 0.32-a0-473-gd044c6f0f0 (webtiles) character file.

Game seed: 1977647960623689093

142895 cforsyth the Warrior (level 17, -10/134 HPs)
             Began as a Coglin Gladiator on Feb 26, 2024.
             Was the Champion of Hepliaklqana.
             Killed from afar by Nikola (56 damage)
             ... with an arc of chain lightning
             ... on level 3 of the Spider Nest.
             The game lasted 00:57:39 (28651 turns).

cforsyth the Warrior (Coglin Gladiator)            Turns: 28651, Time: 00:57:40

Health: -10/134    AC: 26    Str: 22    XL:     17   Next: 36%
Magic:  5/5        EV: 10    Int:  7    God:    Hepliaklqana [******]
Gold:   2311       SH:  0    Dex: 17    Spells: 16/16 levels left

rFire   + . .        a - +10 broad axe of Punwio {antimagic, rPois Stlth+}
rCold   + . .        F - +5 broad axe (flame) {Kansuke}
rNeg    . . .        Z - +0 plate armour {Will+}
rPois   +            z - +2 helmet
rElec   .            H - +0 cloak
rCorr   .            O - +0 pair of gloves
SInv    .            W - +0 pair of boots
Will    ++...        p - amulet of regeneration Stlth
                     (ring unavailable)
HPRegen 1.22/turn    (ring unavailable)
MPRegen 0.09/turn

%: no passive effects
@: no status effects
A: reduced essence, cold resistance 1, fire resistance 1, off-hand wielding,
slow wielding, warmup strikes, no rings
a: Renounce Religion, Recall Ancestor, Ancestor Identity, Transference, Idealise


You were on level 3 of the Spider Nest.
You worshipped Hepliaklqana.
Hepliaklqana was exalted by your worship.
You visited 5 branches of the dungeon, and saw 26 of its levels.
You also visited: Gauntlet.

You collected 2790 gold pieces.
You spent 479 gold pieces at shops.


Innate Abilities, Weirdness & Mutations

Your life essence is reduced to manifest your ancestor. (-10% HP)
Your flesh is cold resistant. (rC+)
Your flesh is heat resistant. (rF+)
You can wield a second weapon in your off-hand.
It takes a long time for you to wield or remove held weapons.
Your first few attacks do less damage.
Your grasper-arms cannot wear rings.


   Skills:
 + Level 18.1 Fighting
 - Level 18.0 Axes
 - Level 1.7 Throwing
 - Level 16.0 Armour
 + Level 4.8 Dodging


You had 16 spell levels left.
You didn't know any spells.
Your spell library contained the following spells:

 Spells                   Type           Power      Damage    Failure   Level
 Slow                     Hex            0%         N/A       99%         1
 Ensorcelled Hibernation  Hex/Ice        0%         N/A       99%         2
 Mercury Vapours          Alch/Air       0%         N/A       99%         2
 Scorch                   Fire           0%         2d5       99%         2
 Confusing Touch          Hex            0%         N/A       100%        3
 Dazzling Flash           Conj/Hex       0%         N/A       100%        3
 Mephitic Cloud           Conj/Alch/Air  0%         N/A       100%        3
 Passwall                 Erth           0%         N/A       100%        3
 Sigil of Binding         Hex            0%         N/A       100%        3
 Swiftness                Air            0%         N/A       100%        3
 Vampiric Draining        Necr           0%         2d6       100%        3
 Volatile Blastmotes      Fire/Tloc      0%         2d10      100%        3
 Animate Armour           Summ/Erth      0%         N/A       100%        4
 Flame Wave               Conj/Fire      0%         2d4       100%        4
 Olgreb's Toxic Radiance  Alch           0%         N/A       100%        4
 Summon Blazeheart Golem  Fire/Summ      0%         N/A       100%        4
 Summon Lightning Spire   Summ/Air       0%         N/A       100%        4
 Freezing Cloud           Conj/Ice/Air   0%         6-21      100%        5
 Lee's Rapid Deconstruct  Erth           0%         3d4*      100%        5
 Summon Forest            Summ/Tloc      0%         N/A       100%        5
 Eringya's Noxious Bog    Alch           0%         4d6       100%        6
 Starburst                Conj/Fire      0%         6d3       100%        6
 Summon Cactus Giant      Summ           0%         N/A       100%        6
 Orb of Destruction       Conj           0%         9d5       100%        7
 Ozocubu's Refrigeration  Ice            0%         4d7       100%        7
 Spellforged Servitor     Conj/Summ      0%         N/A       100%        7
 Summon Hydra             Summ           0%         N/A       100%        7
 Discord                  Hex            0%         N/A       100%        8
 Maxwell's Capacitive Co  Air            0%         ∞         100%        8

Inventory:

Hand Weapons
 a - the +10 broad axe of Punwio (weapon) {antimagic, rPois Stlth+}
   (You found it on level 5 of the Dungeon)

   rPois:     It protects you from poison Stlth+: It makes you more stealthy.
 k - the +8 spear of Giodweo {drain, rElec rF+ Dex+3}
   (You bought it in a shop on level 7 of the Dungeon)

   Dex+3:     It affects your dexterity (+3).
   rF+:       It protects you from fire.
   rElec:     It insulates you from electricity.
 E - a +2 broad axe of freezing {Yejun}
 F - a +5 broad axe of flaming (offhand) {Kansuke}
Missiles
 d - 6 throwing nets (quivered) {=f}
 e - 21 javelins
Armour
 v - a +2 hat of see invisible
 z - a +2 helmet (worn)
 H - a +0 cloak (worn)
 O - a +0 pair of gloves (worn)
 W - a +0 pair of boots (worn)
 Z - a +0 plate armour of willpower (worn)
Jewellery
 p - an amulet of regeneration (around neck)
 N - an amulet of reflection
Wands
 c - a wand of iceblast (21)
 x - a wand of digging (9)
 y - a wand of polymorph (36)
 C - a wand of charming (14)
 G - a wand of flame (66)
 K - a wand of mindburst (6)
 S - a wand of quicksilver (9)
Scrolls
 b - 4 scrolls of fear
 h - 4 scrolls of butterflies {unknown}
 i - 5 scrolls of vulnerability {unknown}
 j - 5 scrolls of teleportation {@r2}
 q - 2 scrolls of blinking {unknown}
 r - 4 scrolls of poison {unknown}
 A - 3 scrolls of enchant weapon {unknown}
 B - 2 scrolls of noise {unknown}
 I - 3 scrolls of identify {@r1}
 J - 4 scrolls of fog {unknown}
 M - 4 scrolls of immolation {unknown}
 P - a scroll of silence {!r}
 Q - 2 scrolls of enchant armour {unknown}
 T - a scroll of amnesia
 X - a scroll of revelation
Potions
 f - 3 potions of magic
 g - 2 potions of ambrosia
 l - 6 potions of heal wounds {@q2}
 m - 4 potions of curing {@q1}
 n - 5 potions of haste {@q3}
 o - 4 potions of mutation
 s - 4 potions of might
 t - 3 potions of lignification {unknown}
 u - 3 potions of enlightenment
 w - 5 potions of attraction
 D - a potion of invisibility
 R - a potion of cancellation
 U - 2 potions of brilliance
Miscellaneous
 L - a lightning rod (4/4)
 V - a phial of floods
 Y - a tin of tremorstones (2/2)

Dungeon Overview and Level Annotations

Branches:
Dungeon (15/15)            Temple (1/1) D:5            Lair (5/5) D:8
  Swamp (0/4) Lair:2       Spider (3/4) Lair:2        Slime (0/5) Lair:5
    Orc (2/2) D:10            Elf (0/3) Orc:2        Vaults (0/5) D:14
 Depths (0/4) D:15        Gauntlet (visited)

Altars:
Ashenzari
Cheibriados
Dithmenos
Elyvilon
Fedhas
Gozag
Hepliaklqana
Kikubaaqudgha
Makhleb
Nemelex Xobeh
Okawaru
Qazlal
Ru
Sif Muna
Trog
Uskayaw
Vehumet
Wu Jian
Xom
Yredelemnul
Zin
The Shining One
Beogh
Jiyva

Shops:
D:5 (   D:7 [*   Orc:1 :   Orc:2 (([:

Annotations:
D:13 exclusion: orange crystal statue
Spider:3 Nikola

#[...# ###^...^
.......# #.....^
#§.... #...##
.##
######)...#...#
##......†......#
#<@..@........##
##............#
#............#
#............#
##...........#
#...........#
###.......###
##......#
#####..#


You could see Nikola (webbed).


Message History

You barely miss Jorgrun with the +10 broad axe of Punwio.
Jorgrun is moderately wounded.
You barely miss Jorgrun with your +5 broad axe of flaming.
Worhupt hits Jorgrun with a +0 quarterstaff!
Unknown command.
You miss Jorgrun with the +10 broad axe of Punwio.
Jorgrun is heavily wounded.
You slice Jorgrun with your +5 broad axe of flaming!!
You burn Jorgrun!
Jorgrun's magic is no longer disrupted.
Nikola gestures wildly while chanting.
Lightning arcs from Nikola's hands!
The bolt of lightning hits Jorgrun!!!
Jorgrun dies!
A bolt of lightning appears from out of thin air!
The bolt of lightning hits Worhupt!!!
Worhupt is destroyed!
The bolt of lightning hits you!!!
The bolt of lightning hits Nikola!
You hear a faint skittering sound. x2
Nikola gestures wildly while chanting.
Nikola blinks!
Nikola gestures wildly while chanting.
Lightning arcs from Nikola's hands!
The bolt of lightning hits you!!!
* * * LOW HITPOINT WARNING * * *
A bolt of lightning appears from out of thin air!
The bolt of lightning hits Nikola!
You hear a faint skittering sound.
You hear a skittering sound.
Nikola is caught in a web!
Nikola casts a spell.
Lightning arcs from Nikola's hands!
The bolt of lightning hits you!!!
You die...
Hepliaklqana delivers you to your ancestors.

Skill      XL: |  1  2  3  4  5  6  7  8  9 10 11 12 13 14 15 16 17 |
---------------+----------------------------------------------------+-----
Armour         | 1 2 3 4 5 7 8 10 11 12 13 14 16 | 16.0
Fighting       | 3 4 5 6 8 9 11 12 14 15 16 17 18 | 18.1
Axes           | 4 5 7 8 9 11 12 14 15 16 17 18 | 18.0
Dodging        | 4 |  4.8
Throwing       | |  1.7

Action                     |  1- 3 |  4- 6 |  7- 9 | 10-12 | 13-15 | 16-18 || total
---------------------------+-------+-------+-------+-------+-------+-------++-------
  Melee: War axe           |    94 |   102 |    33 |       |       |       ||   229
         Dagger            |     5 |    97 |    71 |       |       |       ||   173
         Broad axe         |       |       |   145 |   427 |   802 |   474 ||  1848
         Spear             |       |       |       |       |    42 |   128 ||   170
 Invoke: Ancestor Life: Ba |       |       |     1 |       |       |       ||     1
         Recall Ancestor   |       |       |       |     3 |    12 |     4 ||    19
  Evoke: Wand              |       |       |       |       |    10 |     2 ||    12
         Lightning rod     |       |       |       |       |     5 |       ||     5
    Use: Scroll            |       |       |       |     9 |    10 |     9 ||    28
         Potion            |       |       |       |       |     3 |     3 ||     6
   Stab: Distracted        |       |       |       |     4 |    16 |    10 ||    30
         Invisible         |       |       |       |       |       |     2 ||     2
 Armour: Leather armour    |    78 |    42 |    43 |       |       |       ||   163
         Scale mail        |       |       |    84 |       |       |       ||    84
         Chain mail        |       |       |    20 |   313 |   407 |       ||   740
         Plate armour      |       |       |       |       |   124 |   427 ||   551
  Dodge: Dodged            |    82 |    65 |    96 |   124 |   220 |   146 ||   733

Levels and vault maps discovered:
D:1:      eino_arrival_cavern_e, layout_rooms,
          shapermc_ecumenical_altar_notcrosses, minmay_pentomino_x2
D:2:      layout_basic, uniq_robin
D:3:      cheibrodos_helix_gallery, layout_basic, nicolae_elyvilon_temple_path,
          corner_web_ring, kennysheep_pointless_box, serial_bayou_lake_a
D:4:      layout_basic, xom_redecorated, uniq_eustachio, uniq_blork_the_orc,
          uniq_ijyb
D:5:      layout_rooms, kennysheep_slug_shrine, nicolae_gozag_seed_capital,
          minmay_temple_entry_glass, serial_shops, shop, grunt_decor_cap
D:6:      layout_cave_pools, overflow_temple_1_default, lemuel_tele_altar
D:7:      layout_gridville, nicolae_overflow_crystal_walls, serial_shops,
          nicolae_shop_drivethru, shop
D:8:      layout_loops_corners, david_lair_shrubbed, st_stairs_13,
          nicolae_have_a_lightning_rod
D:9:      layout_loops_corners, tso_altar, uniq_psyche
D:10:     layout_long_grid, nzn_wu_jian_contemplation, nicolae_overflow_squiral,
          hiddenorc2_lemuel, uniq_grum
D:11:     layout_basic
D:12:     layout_roguey, serial_corexii_hall, chequers_hall_statues_y,
          corexii_hall_statues_x, corexii_hall_statues_i,
          corexii_hall_statues_deadend, minmay_holes, bloody_makhleb,
          uniq_nessos, uniq_nergalle
D:13:     layout_irregular_city, st_stairs_1, chequers_mini_garden, hex_tiny,
          minivault_16, minmay_diamond_spiral, uniq_rupert, uniq_sonja
D:14:     layout_stronghold, hellmonk_vaults_keyhole, grunt_decor_one_mirror,
          nrook_campfire, corexii_checkpoint
D:15:     hellmonk_depths_entry_around_the_bend, layout_irregular_city,
          gauntlet_entry_generic, minmay_tree_intersection, nicolae_the_louvre
Temple:   chequers_temple_sunken
Lair:1:   layout_gridlike, serial_bayou_shore_a
Lair:2:   layout_hall_layers, mainiacjoe_swamp_entry_lozenge_pond,
          nicolae_spider_entry_tight_spaces, grunt_megastairs_5
Lair:3:   layout_small_grid, pdpol_lair_neglected_garden,
          infiniplex_staircase_pool_2, grunt_megastairs_1
Lair:4:   layout_cave_pods, beast_lair_carwin_7
Lair:5:   evilmike_catoblepas_cave, layout_gridlike,
          nicolae_slime_entry_slimehenge, grunt_megastairs_3,
          lemuel_fruit_fields, infiniplex_staircase_pool, serial_bayou_shore_b,
          uniq_urug
Spider:1: layout_spider_delve, einodemon_crawler_minivault, uniq_frances
Spider:2: layout_spider_delve, guppyfry_spider_mini_1
Spider:3: layout_cave_pods, drop_trap, nicolae_spider_jagged_tunnels,
          uniq_jorgrun, uniq_nikola
Orc:1:    layout_caves, basic_altar, serial_shops, shop_coins, uniq_erolcha
Orc:2:    st_orc_congregation, layout_caves, serial_shops, shop, uniq_azrael,
          uniq_snorg

Notes
Turn   | Place    | Note
-------+----------+-------------------------------------------
     0 | D:1      | cforsyth the Coglin Gladiator began the quest for the Orb.
     0 | D:1      | Reached XP level 1. HP: 16/16 MP: 1/1
   106 | D:1      | Reached XP level 2. HP: 21/22 MP: 2/2
   175 | D:1      | Reached skill level 1 in Armour
   264 | D:1      | Found a faded altar of an unknown god.
   290 | D:1      | Reached XP level 3. HP: 26/28 MP: 3/3
   679 | D:2      | Noticed Robin
   786 | D:2      | Killed Robin
   787 | D:2      | Reached XP level 4. HP: 31/34 MP: 4/4
   921 | D:2      | Reached skill level 3 in Fighting
   994 | D:2      | Reached skill level 2 in Armour
  1292 | D:2      | Reached skill level 4 in Axes
  1292 | D:2      | Reached XP level 5. HP: 41/41 MP: 5/5
  2072 | D:3      | Reached XP level 6. HP: 45/48 MP: 6/6
  2074 | D:3      | Reached skill level 4 in Fighting
  2170 | D:3      | Reached skill level 3 in Armour
  2321 | D:3      | Found a white marble altar of Elyvilon.
  2484 | D:4      | You fall into a shaft and drop 1 floor!
  2484 | D:5      | Entered Level 5 of the Dungeon
  2502 | D:5      | Noticed a black bear
  2510 | D:5      | Killed a black bear
  2518 | D:5      | Reached skill level 5 in Axes
  2518 | D:5      | Reached XP level 7. HP: 46/55 MP: 7/7
  2581 | D:5      | Found Vauhecyj's Antique Weapon Shop.
  2628 | D:5      | Identified the +10 broad axe of Punwio {antimagic, rPois
                  | Stlth+}
  2660 | D:5      | Reached skill level 5 in Fighting
  2696 | D:5      | Found a staircase to the Ecumenical Temple.
  2779 | Temple   | Entered the Ecumenical Temple
  2825 | D:5      | Found a snail-covered altar of Cheibriados.
  2942 | D:5      | Found an opulent altar of Gozag.
  3069 | D:4      | Noticed Blork the orc
  3078 | D:4      | Killed Blork the orc
  3079 | D:4      | Reached skill level 4 in Armour
  3113 | D:4      | Reached XP level 8. HP: 63/63 MP: 2/8
  3140 | D:4      | Noticed Ijyb
  3251 | D:4      | Killed Ijyb
  3318 | D:4      | Found a shimmering altar of Xom.
  3320 | D:4      | Noticed Eustachio
  3321 | D:4      | Found a shimmering altar of Xom.
  3334 | D:4      | Killed Eustachio
  3335 | D:4      | Reached skill level 6 in Axes
  3863 | D:6      | Found a hide-covered altar of Uskayaw.
  3901 | D:6      | Found a hazy altar of Hepliaklqana.
  4202 | D:6      | Became a worshipper of Hepliaklqana the Forgotten
  4479 | D:6      | Reached skill level 6 in Fighting
  4479 | D:6      | Reached skill level 5 in Armour
  4793 | D:7      | Reached skill level 7 in Axes
  4818 | D:7      | Found a blossoming altar of Fedhas.
  4858 | D:7      | Reached XP level 9. HP: 71/71 MP: 3/9
  4875 | D:7      | Reached * piety under Hepliaklqana
  5001 | D:7      | Found Qeruff's Assorted Antiques.
  5010 | D:7      | Bought a scroll labelled WUYCASALYRGH for 17 gold pieces
  5010 | D:7      | Bought a glowing broad axe for 119 gold pieces
  5056 | D:7      | Found a transporter.
  5056 | D:7      | Found Ymmau's Armour Shop.
  5087 | D:7      | Reached skill level 7 in Fighting
  5114 | D:7      | Reached skill level 6 in Armour
  5239 | D:7      | Found a transporter.
  5885 | D:8      | Reached ** piety under Hepliaklqana
  5934 | D:8      | Remembered your ancestor Worhupt as a battlemage
  5939 | D:8      | Noticed a two-headed ogre
  5982 | D:8      | Killed a two-headed ogre
  5983 | D:8      | Reached skill level 8 in Axes
  6054 | D:8      | Reached skill level 8 in Fighting
  6094 | D:8      | Noticed a komodo dragon
  6096 | D:8      | Found a staircase to the Lair.
  6099 | D:8      | Reached skill level 7 in Armour
  6100 | D:8      | Killed a komodo dragon
  6101 | D:8      | Reached XP level 10. HP: 47/73 MP: 3/10
  7042 | D:9      | Reached skill level 9 in Axes
  7087 | D:9      | Reached skill level 9 in Fighting
  7210 | D:9      | Noticed Psyche
  7224 | D:9      | Killed Psyche
  7225 | D:9      | Reached skill level 8 in Armour
  7482 | D:9      | Found a glowing golden altar of the Shining One.
  7527 | D:9      | Noticed a two-headed ogre
  7590 | D:9      | Killed a two-headed ogre
  8005 | D:10     | Entered Level 10 of the Dungeon
  8006 | D:10     | Identified the +4 chain mail of Unreason {rPois rF- Dex-5
                  | SInv}
  8035 | D:10     | Reached XP level 11. HP: 65/81 MP: 3/11
  8036 | D:10     | Reached skill level 10 in Axes
  8037 | D:10     | Reached skill level 10 in Fighting
  8060 | D:10     | Reached *** piety under Hepliaklqana
  8125 | D:10     | Reached skill level 9 in Armour
  8196 | D:10     | Found a shadowy altar of Dithmenos.
  8199 | D:10     | Found a burning altar of Makhleb.
  8359 | D:10     | Found an ornate altar of the Wu Jian Council.
  8467 | D:10     | Found a staircase to the Orcish Mines.
  8552 | D:10     | Noticed Grum
  8560 | D:10     | Killed Grum
  8592 | D:10     | Identified the +0 leather armour of Fanaticism {rC+ Int+3
                  | SInv}
  9678 | D:12     | Reached **** piety under Hepliaklqana
  9697 | D:12     | Noticed a two-headed ogre
  9701 | D:12     | Killed a two-headed ogre
  9702 | D:12     | Reached skill level 11 in Fighting
  9702 | D:12     | Reached skill level 11 in Axes
  9838 | D:12     | Noticed a green ugly thing
  9838 | D:12     | Noticed Nessos
  9847 | D:12     | Killed a green ugly thing
  9851 | D:12     | Reached skill level 10 in Armour
  9996 | Lair:1   | Entered Level 1 of the Lair of Beasts
 10005 | Lair:1   | Reached XP level 12. HP: 68/90 MP: 4/12
 10621 | Lair:1   | Reached skill level 12 in Axes
 10885 | Lair:2   | Reached skill level 12 in Fighting
 10993 | Lair:2   | Reached skill level 11 in Armour
 11029 | Lair:2   | Found a hole to the Spider Nest.
 11080 | Lair:2   | Reached ***** piety under Hepliaklqana
 11217 | Lair:2   | Gained mutation: Your flesh is cold resistant. (rC+)
                  | [Coglin growth]
 11217 | Lair:2   | Gained mutation: Your flesh is heat resistant. (rF+)
                  | [Coglin growth]
 11217 | Lair:2   | Reached XP level 13. HP: 72/98 MP: 4/13
 11483 | Lair:2   | Found a staircase to the Swamp.
 11759 | Lair:3   | Reached skill level 13 in Axes
 11764 | Lair:3   | Reached skill level 13 in Fighting
 12488 | Lair:4   | Reached skill level 12 in Armour
 13042 | Lair:4   | Reached skill level 14 in Fighting
 13042 | Lair:4   | Reached skill level 14 in Axes
 13045 | Lair:4   | Reached XP level 14. HP: 98/108 MP: 3/14
 13527 | Lair:5   | Entered Level 5 of the Lair of Beasts
 13627 | Lair:5   | Noticed Urug
 14260 | Lair:4   | Reached skill level 13 in Armour
 14675 | Lair:5   | Killed Urug
 15288 | Lair:5   | Reached skill level 15 in Fighting
 15605 | Lair:5   | Found a viscous altar of Jiyva.
 15605 | Lair:5   | Found a staircase to the Slime Pits.
 15805 | Lair:5   | Reached skill level 15 in Axes
 16452 | Orc:1    | Entered Level 1 of the Orcish Mines
 16452 | Orc:1    | Noticed Erolcha
 16456 | Orc:1    | Killed Erolcha
 16457 | Orc:1    | Paralysed by an orc sorcerer for 2 turns
 16715 | D:10     | Reached XP level 15. HP: 91/116 MP: 5/15
 17792 | Orc:1    | Found Bud Amoynu's Book Shop.
 17880 | Orc:1    | Found a roughly hewn altar of Beogh.
 17970 | Orc:2    | Entered Level 2 of the Orcish Mines
 17970 | Orc:2    | Reached ****** piety under Hepliaklqana
 18095 | Orc:2    | Noticed Azrael
 18101 | Orc:2    | Reached skill level 14 in Armour
 18571 | Orc:2    | Killed Azrael
 18805 | Orc:2    | Noticed Snorg
 18817 | Orc:2    | Killed Snorg
 19038 | Orc:2    | Found a staircase to the Elven Halls.
 19043 | Orc:2    | Found Hadghibe's Antique Weapon Shoppe.
 19133 | Orc:2    | Identified a +1 robe of resistance
 19133 | Orc:2    | Noticed an orc warlord
 19838 | Orc:2    | Killed an orc warlord
 20468 | Orc:2    | Reached skill level 16 in Fighting
 20530 | Orc:2    | Found Emata's Antique Armour Shoppe.
 20531 | Orc:2    | Found Larurchul's Antique Weapon Shoppe.
 20533 | Orc:2    | Found Gosen's General Store.
 20533 | Orc:2    | Found Pour's Book Emporium.
 20550 | Orc:2    | Bought a jewelled morningstar for 207 gold pieces
 20550 | Orc:2    | Identified the +1 morningstar "Kealei" {flame, rC- Str+3
                  | Int+4} (You bought it in a shop on level 2 of the Orcish
                  | Mines)
 20808 | D:7      | Bought an ancient spear for 136 gold pieces
 20808 | D:7      | Identified the +8 spear of Giodweo {drain, rElec rF+ Dex+3}
                  | (You bought it in a shop on level 7 of the Dungeon)
 20927 | D:12     | Killed Nessos
 20928 | D:12     | Reached skill level 16 in Axes
 21046 | D:12     | Found a burning altar of Makhleb.
 21103 | D:12     | Noticed Nergalle
 21106 | D:12     | Killed Nergalle
 21678 | D:13     | Noticed Rupert
 21851 | D:13     | Killed Rupert
 22032 | D:13     | Noticed a storm dragon
 22075 | D:13     | Noticed an iron dragon
 22176 | D:13     | Killed an iron dragon
 22374 | D:13     | Killed a storm dragon
 22523 | D:13     | Noticed Sonja
 22534 | D:13     | Killed Sonja
 23309 | D:14     | Reached XP level 16. HP: 125/125 MP: 5/16
 23599 | D:14     | Reached skill level 15 in Armour
 24345 | D:14     | Found a gate to the Vaults.
 24501 | D:15     | Entered Level 15 of the Dungeon
 24571 | D:15     | Found a gate leading to a gauntlet.
 24596 | Gauntlet | Entered a Gauntlet
 24596 | Gauntlet | Found a runed translucent door.
 24596 | Gauntlet | Found a transporter.
 24596 | Gauntlet | Found a runed translucent door.
 24596 | Gauntlet | Found a transporter.
 24596 | Gauntlet | Found a transporter.
 24627 | Gauntlet | Found a transporter.
 24628 | Gauntlet | Found a transporter.
 24631 | Gauntlet | Found a transporter.
 24638 | Gauntlet | Found a transporter.
 24640 | Gauntlet | Found a transporter.
 24642 | Gauntlet | Found a transporter.
 24644 | Gauntlet | Found a transporter.
 24653 | Gauntlet | Found a transporter.
 24655 | Gauntlet | Found a transporter.
 24943 | Gauntlet | Reached skill level 17 in Fighting
 25056 | Gauntlet | Identified a scroll of acquirement
 25107 | D:15     | Reached skill level 17 in Axes
 25258 | D:15     | Acquired a +5 heavy broad axe
 25886 | D:15     | Found a staircase to the Depths.
 26375 | Spider:1 | Entered Level 1 of the Spider Nest
 27086 | Spider:1 | Reached skill level 16 in Armour
 27121 | Spider:1 | Reached XP level 17. HP: 128/134 MP: 5/17
 27272 | Spider:1 | Noticed Frances
 27592 | Spider:1 | Reached skill level 3 in Dodging
 27592 | Spider:1 | Killed Frances
 27769 | Spider:1 | You fall into a shaft and drop 1 floor!
 28015 | Spider:2 | Reached skill level 4 in Dodging
 28019 | Spider:2 | Reached skill level 18 in Fighting
 28338 | Spider:2 | Reached skill level 18 in Axes
 28637 | Spider:3 | Noticed Jorgrun
 28642 | Spider:3 | Noticed Nikola
 28645 | Spider:3 | Killed Jorgrun
 28651 | Spider:3 | Killed from afar by Nikola

Vanquished Creatures
  Rupert (D:13)
  Frances (Spider:1)
  A storm dragon (D:13)
  An iron dragon (D:13)
  An orc warlord (Orc:2)
  A ghost moth (Spider:2)
  An ironbound thunderhulk (D:14)
  Nessos (D:12)
  Azrael (Orc:2)
  A spark wasp (Spider:2)
  Snorg (Orc:2)
  A minotaur (Gauntlet)
  An entropy weaver (Spider:2)
  2 hydras
  2 yaktaur captains
  Erolcha (Orc:1)
  2 ogre magi
  4 centaur warriors
  5 two-headed ogres
  A radroach (Spider:1)
  3 catoblepae (Lair:5)
  A deep troll earth mage (D:15)
  Urug (Lair:5)
  14 death yaks
  4 boulder beetles
  3 tengu warriors
  2 demonic crawlers (Spider:1)
  3 orc high priests (Orc:2)
  Nergalle (D:12)
  Sonja (D:13)
  A hell knight (D:13)
  4 skeletal warriors
  2 skysharks
  A goliath frog (Lair:2)
  A pharaoh ant (Spider:2)
  An arcanist (D:14)
  5 orb spiders
  2 sun moths
  An orange crystal statue (Gauntlet)
  2 steelbarb worms (Spider:1)
  4 orc knights
  3 deep elf pyromancers
  5 ugly things
  4 orc sorcerers
  8 wolf spiders
  A cyclops (D:15)
  4 meliai
  3 manticores
  3 elephants (Lair:4)
  A kobold blastminer (Orc:2)
  2 black mambas
  3 torpor snails
  A gargoyle (D:12)
  A cane toad (shapeshifter) (D:15)
  10 cane toads
  3 unseen horrors
  An efreet (D:15)
  3 rime drakes
  8 komodo dragons
  A yaktaur (shapeshifter) (D:13)
  Psyche (D:9)
  A tengu conjurer (D:13)
  3 polar bears (Lair:4)
  3 trolls
  4 dream sheep (Lair:4)
  A tarantella (shapeshifter) (D:15)
  A raiju (D:8)
  A hornet (Lair:2)
  13 tarantellas (Spider:1)
  A blink frog (shapeshifter) (D:15)
  10 blink frogs
  29 jumping spiders
  2 shadows
  5 slime creatures (D:14)
  2 wraiths
  56 yaks
  13 culicivoras
  2 fire elementals
  A vampire (D:9)
  5 wyverns
  5 basilisks
  A human (D:14)
  A warg (Orc:2)
  Eustachio (D:4)
  A warg (shapeshifter) (D:14)
  Grum (D:10)
  21 redbacks
  2 steam dragons
  9 vampire mosquitoes
  A swamp worm (Gauntlet)
  2 hell hounds (Orc:1)
  12 water moccasins
  2 sky beasts (D:7)
  4 black bears
  A laughing skull (D:15)
  27 orc warriors
  11 centaurs
  5 ogres
  13 wolves
  3 phantoms
  5 bullfrogs
  2 kobold brigands
  Blork the orc (D:4)
  A gnoll sergeant (D:7)
  A scorpion (D:5)
  4 electric eels
  2 howler monkeys
  20 orc priests
  3 bombardier beetles
  3 jellies
  A gnoll bouda (D:10)
  Ijyb (D:4)
  An iguana (D:8)
  21 orc wizards
  Robin (D:2)
  12 gnolls
  7 adders
  2 shadow imps
  2 ufetubi (D:6)
  A ribbon worm (D:4)
  5 dart slugs
  93 orcs
  4 bats
  6 endoplasms
  3 giant cockroaches
  21 goblins
  12 hobgoblins
  3 quokkas
  10 ball pythons
  11 frilled lizards
  13 kobolds
  5 rats
706 creatures vanquished.

Vanquished Creatures (collateral kills)
  An ettin (D:10)
  A vault guard (D:14)
  2 boulder beetles
  A two-headed ogre (D:9)
  8 death yaks
  A centaur warrior (D:13)
  A skyshark (Lair:4)
  4 skeletal warriors
  A deep elf pyromancer (D:13)
  An orc knight (Orc:2)
  3 orc sorcerers (Orc:2)
  2 wolf spiders
  2 ugly things
  2 cyclopes
  A moth of wrath (Gauntlet)
  An elephant (Lair:4)
  2 meliai (D:13)
  2 rime drakes
  An unseen horror (D:12)
  3 komodo dragons
  An efreet (D:13)
  3 trolls
  A troll (shapeshifter) (D:14)
  A polar bear (Lair:2)
  A hornet (D:11)
  2 tarantellas (Spider:1)
  7 blink frogs
  A raiju (D:8)
  3 dream sheep (Lair:5)
  A slime creature (D:14)
  A culicivora (Spider:1)
  7 jumping spiders
  A shadow (D:10)
  2 wyverns
  A fire elemental (Orc:1)
  A human (shapeshifter) (D:14)
  2 basilisks
  11 yaks
  A human (D:14)
  5 redbacks
  4 vampire mosquitoes
  2 swamp worms (Gauntlet)
  A hell hound (Orc:2)
  2 water moccasins
  A black bear (Lair:1)
  6 orc warriors
  A laughing skull (D:15)
  An ogre (Orc:2)
  4 wolves
  A centaur (D:15)
  2 electric eels
  2 jellies (Lair:5)
  7 orc priests
  6 orc wizards
  4 gnolls
  25 orcs
  2 endoplasms (Lair:5)
  2 kobolds
166 creatures vanquished.

Vanquished Creatures (others)
  Jorgrun (Spider:3)
  A slime creature (D:15)
  27 battlemagi
  2 orcs (Orc:2)
31 creatures vanquished.

Grand Total: 903 creatures vanquished

Table legend: (Time is in decaauts)
 A = Elapsed time spent in this place.
 B = Non-inter-level travel time spent in this place.
 C = Inter-level travel time spent in this place.
 D = Time resting spent in this place.
 E = Time spent auto-exploring this place.
 F = Levels seen in this place.
 G = Mean time per level.
                   A        B        C        D        E       F      G
               +--------+--------+--------+--------+--------+-----+--------+
         Total |  28669 |  26632 |   2037 |   6011 |  14977 |  27 | 1061.8 |
       Dungeon |  16409 |  14906 |   1503 |   2842 |   9003 |  15 | 1093.9 |
        Temple |     40 |     21 |     19 |      0 |      0 |   1 |   40.0 |
          Lair |   6609 |   6200 |    409 |   1554 |   3486 |   5 | 1321.8 |
   Spider Nest |   2056 |   2042 |     14 |    406 |   1177 |   3 |  685.3 |
  Orcish Mines |   3056 |   2965 |     91 |   1167 |   1151 |   2 | 1528.0 |
      Gauntlet |    497 |    497 |      0 |     42 |    159 |   1 |  497.0 |
               +--------+--------+--------+--------+--------+-----+--------+

Top non-repeatable levels by time:
  Lair:4: 2085 daAuts
    D:10: 2047 daAuts
  Lair:5: 1602 daAuts
   Orc:1: 1595 daAuts
     D:8: 1475 daAuts
    D:14: 1464 daAuts
   Orc:2: 1460 daAuts
    D:13: 1304 daAuts
    D:12: 1224 daAuts
     D:7: 1170 daAuts
Spider:2: 1154 daAuts
     D:9: 1132 daAuts
  Lair:2: 1117 daAuts
    D:15: 1056 daAuts
     D:6: 979 daAuts

Table legend:
 A = Non-vault XP
 B = Vault XP
 C = Vault XP percentage of total XP
 D = Non-vault monster count
 E = Vault monster count
 F = Vault count percentage of total count
                 A         B        C        D         E       F
            +---------+---------+-------+---------+---------+-------
      Total |  131840 |   72297 |  35.4 |     607 |     266 |  30.5
            +---------+---------+-------+---------+---------+-------
        D:1 |      51 |      12 |  19.0 |      31 |       7 |  18.4
        D:2 |      89 |      26 |  22.6 |      16 |       7 |  30.4
        D:3 |     240 |      14 |   5.5 |      23 |       2 |   8.0
        D:4 |     238 |     311 |  56.6 |      22 |       3 |  12.0
        D:5 |     481 |       4 |   0.8 |       7 |       1 |  12.5
        D:6 |     424 |       0 |   0.0 |      19 |       0 |   0.0
        D:7 |    1218 |       0 |   0.0 |      28 |       0 |   0.0
        D:8 |    1587 |    1021 |  39.1 |      18 |       7 |  28.0
        D:9 |    3075 |     107 |   3.4 |      19 |       1 |   5.0
       D:10 |    6891 |     885 |  11.4 |      36 |      37 |  50.7
       D:11 |    2212 |       0 |   0.0 |      18 |       0 |   0.0
       D:12 |    5766 |    1830 |  24.1 |      18 |       2 |  10.0
       D:13 |    6059 |    7145 |  54.1 |      16 |       7 |  30.4
       D:14 |   11439 |    4857 |  29.8 |      27 |       9 |  25.0
       D:15 |    8615 |    4450 |  34.1 |      17 |       7 |  29.2
     Lair:1 |    6258 |       0 |   0.0 |      26 |       0 |   0.0
     Lair:2 |    7722 |    2608 |  25.2 |      34 |      11 |  24.4
     Lair:3 |    5555 |    1109 |  16.6 |      23 |       4 |  14.8
     Lair:4 |   13852 |    6959 |  33.4 |      26 |      15 |  36.6
     Lair:5 |    6542 |   15014 |  69.7 |      19 |      38 |  66.7
   Spider:1 |   22728 |    5338 |  19.0 |      72 |       8 |  10.0
   Spider:2 |   13811 |    1287 |   8.5 |      39 |       6 |  13.3
   Spider:3 |     653 |    1197 |  64.7 |       1 |       1 |  50.0
      Orc:1 |    2736 |    2088 |  43.3 |      21 |       6 |  22.2
      Orc:2 |    3598 |   12853 |  78.1 |      31 |      76 |  71.0
   Gauntlet |       0 |    3182 | 100.0 |       0 |      11 | 100.0
            +---------+---------+-------+---------+---------+-------
